 Dungeon Crawl Stone Soup version 0.21-a0-508-gf08a75f (webtiles) character file.

1803 Gildeon the Sneak (level 8, -1/41 HPs)
             Began as a Deep Elf Fire Elementalist on Nov 28, 2017.
             Slain by a hornet zombie (6 damage)
             ... on level 7 of the Dungeon.
             The game lasted 00:59:14 (7774 turns).

Gildeon the Sneak (Deep Elf Fire Elementalist)      Turns: 7774, Time: 00:59:16

Health: -1/41      AC:  7    Str:  7      XL:     8   Next: 83%
Magic:  0/26       EV: 15    Int: 20 (21) God:
Gold:   416        SH:  0    Dex: 17      Spells: 4/17 levels left

rFire    + . .     SeeInvis .   o - +2 quarterstaff (chaos)
rCold    + + .     Gourm    .   (shield currently unavailable)
rNeg     . . .     Faith    .   f - +1 robe {rC+ rF+}
rPois    .         Spirit   +   a - +0 hat
rElec    .         Reflect  .   q - +0 cloak
rCorr    .         Harm     .   C - +0 pair of gloves
MR       .....                  i - +0 pair of boots
Stlth    +++.......             u - amulet of guardian spirit
HPRegen  0.13/turn              h - ring of magical power
MPRegen  0.20/turn              B - ring of protection from cold

@: very slightly contaminated
A: talons 1, agile 1, deterioration 1
a: no special abilities


You were on level 7 of the Dungeon.
You were not hungry.

You visited 1 branch of the dungeon, and saw 7 of its levels.

You collected 436 gold pieces.
You spent 20 gold pieces at shops.

Inventory:

Hand Weapons
 o - a +2 quarterstaff of chaos (weapon)
 y - a +2 flail of crushing
Armour
 a - a +0 hat (worn)
 f - a +1 robe of resistance (worn)
 i - a +0 pair of boots (worn)
 q - a +0 cloak (worn)
 C - a +0 pair of gloves (worn)
Magical Staves
 s - an uncursed staff of cold
Jewellery
 h - a ring of magical power (left hand)
 u - an amulet of guardian spirit (around neck)
 B - a ring of protection from cold (right hand)
Scrolls
 e - 3 scrolls of remove curse
 j - a scroll of fear
Potions
 l - 3 potions of flight
 n - 3 potions of brilliance {unknown}
 p - 2 potions of lignification {unknown}
 w - a potion of heal wounds {unknown}
Books
 b - a book of Flames

   Spells                             Type                      Level
   a - Flame Tongue                   Conjuration/Fire             1
   b - Throw Flame                    Conjuration/Fire             2
   c - Conjure Flame                  Conjuration/Fire             3
   d - Inner Flame                    Hexes/Fire                   3
   e - Sticky Flame                   Conjuration/Fire             4
   f - Fireball                       Conjuration/Fire             5
 r - a book of the Earth

   Spells                             Type                      Level
   a - Leda's Liquefaction            Hexes/Earth                  4
   b - Bolt of Magma                  Conjuration/Fire/Earth       5
   c - Statue Form                    Transmutation/Earth          6
   d - Iron Shot                      Conjuration/Earth            6
   e - Shatter                        Earth                        9
 t - a book of Frost

   Spells                             Type                      Level
   a - Freeze                         Ice                          1
   b - Throw Frost                    Conjuration/Ice              2
   c - Ozocubu's Armour               Charms/Ice                   3
   d - Throw Icicle                   Conjuration/Ice              4
   e - Summon Ice Beast               Ice/Summoning                4
 x - a book of Maledictions

   Spells                             Type                      Level
   a - Corona                         Hexes                        1
   b - Ensorcelled Hibernation        Hexes/Ice                    2
   c - Confuse                        Hexes                        3
   d - Tukima's Dance                 Hexes                        3
   e - Dazzling Spray                 Conjuration/Hexes            3
Comestibles
 c - 9 bread rations
 k - 5 fruits
 m - a royal jelly
 z - 5 meat rations


   Skills:
 + Level 4.7 Armour
 - Level 5.2 Dodging
 - Level 5.7 Stealth
 - Level 5.0 Spellcasting
 - Level 5.2 Conjurations
 - Level 5.5 Hexes
 - Level 5.0 Fire Magic


You had 4 spell levels left.
You knew the following spells:

 Your Spells              Type           Power        Failure   Level  Hunger
a - Flame Tongue          Conj/Fire      ####.        1%          1    None
b - Throw Flame           Conj/Fire      ####..       2%          2    None
c - Conjure Flame         Conj/Fire      ####....     4%          3    ##.....
d - Sticky Flame          Conj/Fire      ####....     14%         4    ####...
e - Inner Flame           Hex/Fire       ####....     4%          3    ##.....


Dungeon Overview and Level Annotations

Branches:
Dungeon (7/15)             Temple (0/1) D:7

Altars:
Cheibriados

Shops:
D:4 *   D:6 !


Innate Abilities, Weirdness & Mutations

You have sharp toenails.
You are agile. (Dex +2)
Your body sometimes deteriorates upon taking damage.


Message History

The hornet zombie barely misses you. The hornet zombie closely misses you.
Okay, then.
Casting: Flame Tongue
Confirm with . or Enter, or press ? or * to list all spells.
Aiming: Flame Tongue
Press: ? - help, Shift-Dir - straight line, f/p - hornet zombie
Aim: a hornet zombie (severely damaged)
The flame tongue hits the hornet zombie.
The hornet zombie is severely damaged.
The hornet zombie hits you.
* * * LOW HITPOINT WARNING * * *
Casting: Flame Tongue
Confirm with . or Enter, or press ? or * to list all spells.
Aiming: Flame Tongue
Press: ? - help, Shift-Dir - straight line, f/p - hornet zombie
Aim: a hornet zombie (severely damaged)
The flame tongue hits the hornet zombie.
The hornet zombie is severely damaged.
The hornet zombie hits you!
You die...

,,,* *...#*#.......#.#.# #.. ,,,*
*#...*#..###..#.#.# ### ,,,*
#...##...###...#.###.# ,,,*
*#...#.#.#.......##... ,,,*
#...###...#.....##... *,,*** ***
#...####..###.[.#..#.
****,***,****,,#...#........#.###
,,,,,,,,,,,,,,*#Z###.###.#....# #
,,,,,***,#######@# #.#...#...## #
,,,,,* *,#$......###.#.#.?...#
****** *,#.######...........#####
*****,*,,* #.....##.#.......
***,,,,,,,,**#......#.#..####.
**,,,,,,*,,,,,#....#.#.#....##.
**,,,,,,,*,,,,,#....#...##.#.##.
**,,,,***+*,,,,,#....##..##......
,,,,*** *,,,,,,,#....##..##.....#


You could see a hornet zombie.

Vanquished Creatures
  Edmund (D:6)
  A sky beast (D:6)
  2 ogres
  The ghost of Gwenloh the Sneak, an amateur SpAs (D:5)
  3 bullfrogs (D:7)
  A scorpion (D:6)
  5 killer bees (D:7)
  2 crimson imps
  2 hounds (D:6)
  4 orc priests
  Crazy Yiuf (D:3)
  8 orc wizards
  5 worker ants
  A hound skeleton (D:6)
  A howler monkey zombie (D:6)
  7 adders
  A howler monkey skeleton (D:5)
  2 shadow imps
  4 adder skeletons
  2 worms
  6 dart slugs
  10 leopard geckos
  30 orcs
  A ball python (D:3)
  4 giant cockroaches
  8 hobgoblins
  9 jackals
  7 kobolds
  2 quokkas (D:6)
  A bat (D:1)
  5 frilled lizards
  7 goblins
  4 rats
148 creatures vanquished.

Vanquished Creatures (others)
  A rat (D:2)
1 creature vanquished.

Grand Total: 149 creatures vanquished

Notes
Turn   | Place    | Note
-------+----------+-------------------------------------------
     0 | D:1      | Gildeon the Deep Elf Fire Elementalist began the quest for the Orb.
     0 | D:1      | Reached XP level 1. HP: 10/10 MP: 6/6
   243 | D:1      | Reached XP level 2. HP: 15/15 MP: 7/9
   287 | D:1      | Learned a level 2 spell: Throw Flame
   500 | D:1      | Reached XP level 3. HP: 19/19 MP: 3/11
   562 | D:1      | Reached skill level 5 in Spellcasting
   567 | D:1      | Learned a level 3 spell: Conjure Flame
   571 | D:1      | Learned a level 3 spell: Inner Flame
  1753 | D:2      | Reached XP level 4. HP: 24/24 MP: 9/13
  1760 | D:2      | Learned a level 4 spell: Sticky Flame
  2211 | D:3      | Gained mutation: Your body sometimes deteriorates upon taking damage. [mutagenic glow]
  2269 | D:3      | Gained mutation: You are agile. (Dex +2) [mutagenic glow]
  2307 | D:3      | Gained mutation: Armour fits poorly on your strangely shaped body. [mutagenic glow]
  2457 | D:3      | Reached skill level 5 in Fire Magic
  2591 | D:3      | Reached XP level 5. HP: 28/28 MP: 8/14
  3022 | D:3      | Found a runed door.
  3026 | D:3      | Noticed Crazy Yiuf
  3154 | D:3      | Killed Crazy Yiuf
  3178 | D:3      | Lost mutation: Armour fits poorly on your strangely shaped body. [mutagenic glow]
  3337 | D:4      | Reached XP level 6. HP: 32/32 MP: 11/15
  3352 | D:4      | Found Musemp's General Store.
  3355 | D:4      | Bought a scroll of identify for 20 gold pieces
  3505 | D:4      | Reached skill level 5 in Conjurations
  3801 | D:4      | Reached skill level 1 in Hexes
  3981 | D:4      | Found a snail-covered altar of Cheibriados.
  4345 | D:4      | Upgraded the game from 0.21-a0-507-ga8f6b7a to 0.21-a0-508-gf08a75f
  4556 | D:5      | Entered Level 5 of the Dungeon
  4579 | D:5      | Noticed Gwenloh's ghost (amateur SpAs)
  4584 | D:5      | Killed Gwenloh's ghost
  4584 | D:5      | Reached XP level 7. HP: 35/36 MP: 16/16
  5156 | D:5      | Reached skill level 5 in Hexes
  5777 | D:6      | Found Jawnek's Distillery.
  5898 | D:6      | Noticed Edmund
  5907 | D:6      | Killed Edmund
  5907 | D:6      | Reached skill level 5 in Stealth
  6257 | D:6      | Reached XP level 8. HP: 35/41 MP: 15/17
  6291 | D:6      | Gained mutation: You have sharp toenails. [mutagenic meat]
  6527 | D:6      | Reached skill level 5 in Dodging
  6920 | D:7      | Reached skill level 1 in Armour
  7774 | D:7      | Slain by a hornet zombie

Vault maps used:
D:1:      shiori_arrival_oz
D:3:      first_bread, uniq_crazy_yiuf_cottage
D:4:      kennysheep_slug_shrine, serial_shops, kennysheep_mini_moat,
          kennysheep_decorative_pillar, minmay_misc_feat_roman
D:6:      serial_shops, shop, uniq_edmund
D:7:      minmay_temple_entry_poolview, serial_curves, eino_curves_02,
          eino_curves_03, eino_curves_01, eino_curves_01, grunt_ogre_cave

Skill      XL: |  1  2  3  4  5  6  7  8 |
---------------+-------------------------+-----
Spellcasting   | 4 5 |  5.0
Fire Magic     | 4 5 |  5.0
Conjurations   | 2 4 5 |  5.2
Hexes          | 3 5 |  5.5
Stealth        | 5 |  5.7
Dodging        | 3 5 |  5.2
Armour         | 4 |  4.7

Action                   |  1- 3 |  4- 6 |  7- 9 || total
-------------------------+-------+-------+-------++-------
Melee: Mace              |     4 |    15 |       ||    19
       Quarterstaff      |       |       |    32 ||    32
 Cast: Flame Tongue      |    67 |   112 |   189 ||   368
       Sticky Flame      |       |     1 |     3 ||     4
       Throw Flame       |       |       |     5 ||     5
       Conjure Flame     |       |       |     1 ||     1
  Use: Scroll            |     6 |     9 |     8 ||    23
       Potion            |       |       |     8 ||     8
  Eat: Chunk             |     2 |     4 |     6 ||    12
       Bread ration      |       |     2 |     1 ||     3
Armor: Robe              |     5 |    14 |    49 ||    68
Dodge: Dodged            |    15 |    48 |   140 ||   203

Table legend:
 A = Spawn XP
 B = Non-spawn XP
 C = Spawn XP percentage of total XP
 D = Spawn monster count
 E = Non-spawn monster count
 F = Spawn count percentage of total count
 G = Total turns spent on level
                    A         B        C        D         E        F      G
               +---------+---------+-------+---------+---------+-------+---------
         Total |       0 |    2577 |   0.0 |       0 |     149 |   0.0 |  7774
               +---------+---------+-------+---------+---------+-------+---------
           D:1 |       0 |      63 |   0.0 |       0 |      31 |   0.0 |  1322
           D:2 |       0 |      56 |   0.0 |       0 |       9 |   0.0 |   642
           D:3 |       0 |     235 |   0.0 |       0 |      27 |   0.0 |  1350
           D:4 |       0 |     285 |   0.0 |       0 |      19 |   0.0 |  1242
           D:5 |       0 |     394 |   0.0 |       0 |      22 |   0.0 |  1221
           D:6 |       0 |     722 |   0.0 |       0 |      23 |   0.0 |  1101
           D:7 |       0 |     822 |   0.0 |       0 |      18 |   0.0 |   896
               +---------+---------+-------+---------+---------+-------+---------
